 Dungeon Crawl Stone Soup version 0.25-a0-1130-g3926558f3a (webtiles) character file.

Game seed: 5614674618929481458, levelgen mode: deterministic

2 vurker the Grave Robber (level 1, 0/13 HPs)
             Began as a Demonspawn Necromancer on May 19, 2020.
             Slain by a jackal (1 damage)
             ... on level 1 of the Dungeon.
             The game lasted 00:00:17 (20 turns).

vurker the Grave Robber (Demonspawn Necromancer)      Turns: 20, Time: 00:00:17

Health: 0/13       AC:  2    Str:  8    XL:     1   Next: 33%
Magic:  0/3        EV: 12    Int: 16    God:
Gold:   0          SH:  0    Dex: 13    Spells: 3/4 levels left

rFire    . . .     SeeInvis .   (no weapon)
rCold    . . .     Gourm    .   (no shield)
rNeg     . . .     Faith    .   a - +0 robe
rPois    .         Spirit   .   (no helmet)
rElec    .         Reflect  .   (no cloak)
rCorr    .         Harm     .   (no gloves)
MR       .....                  (no boots)
Stlth    ++........             (no amulet)
HPRegen  0.04/turn              (no ring)
MPRegen  0.08/turn              (no ring)

@: no status effects
A: no striking features
a: no special abilities


You were on level 1 of the Dungeon.
You were not hungry.

You visited 1 branch of the dungeon, and saw 1 of its levels.

Inventory:

Armour
 a - a +0 robe (worn)
Comestibles
 e - a ration


   Skills:
 + Level 0.1 Fighting
 - Level 1.7 Dodging
 - Level 1.7 Stealth
 * Level 2.0 Spellcasting
 * Level 4.4 Necromancy


You had 3 spell levels left.
You knew the following spells:

 Your Spells              Type           Power        Failure   Level  Hunger
a - Pain                  Necr           ###.         3%          1    #......

Your spell library contained the following spells:

 Spells                   Type           Power        Failure   Level  Hunger
 Animate Skeleton         Necr           N/A          3%          1    #......
 Vampiric Draining        Necr           ###.......   10%         3    ###....
 Animate Dead             Necr           N/A          32%         4    #####..
 Agony                    Necr           ###.....     67%         5    ######.


Dungeon Overview and Level Annotations

Branches:
Dungeon (1/15)

Altars:


Message History

Found a staircase leading out of the dungeon.
Found 13 sling bullets.
A jackal comes into view.
The jackal barks!
A jackal comes into view.
There are monsters nearby!
The jackal barks!
A jackal comes into view.
A rat comes into view.
There is a staircase leading out of the dungeon here.
Aim: a jackal (chance to defeat MR: 85%)
The jackal writhes in agony.
Aim: a jackal (almost dead, chance to defeat MR: 85%)
The jackal writhes in agony.
You kill the jackal!
Aim: a jackal (chance to defeat MR: 85%)
The jackal writhes in agony.
You don't have enough magic to cast that spell.
The jackal barks!
You hit the jackal but do no damage. The jackal barely misses you.
The jackal bites you.
You hit the jackal.
The jackal bites you but does no damage.
You closely miss the jackal. The jackal closely misses you.
The rat closely misses you.
You hit the jackal but do no damage. The jackal bites you.
The jackal completely misses you. The rat bites you but does no damage.
You closely miss the jackal. The jackal bites you.
* * * LOW HITPOINT WARNING * * *
The jackal bites you.
* * * LOW HITPOINT WARNING * * *
The rat barely misses you.
You hit the jackal. The jackal barely misses you. The jackal bites you.
* * * LOW HITPOINT WARNING * * *
The rat closely misses you. The jackal barely misses you.
You hit the jackal.
The jackal bites you but does no damage.
The jackal barely misses you. The rat barely misses you.
The jackal bites you but does no damage.
You barely miss the jackal. The jackal barely misses you. x2
The rat barely misses you.
You barely miss the jackal. The jackal bites you.
* * * LOW HITPOINT WARNING * * *
The jackal bites you but does no damage.
The jackal closely misses you. The rat barely misses you.
The jackal completely misses you.
Aim: a jackal (severely wounded, chance to defeat MR: 85%)
The jackal writhes in agony.
You kill the jackal!
The jackal bites you.
You die...

#.....# .....#.
#.....##.......
#......8......#
#..........#
#.........#
#.......#
##.....##
#hr.### ##@##
###


You could see a jackal and a rat.

Vanquished Creatures
  2 jackals (D:1)
2 creatures vanquished.

Notes
Turn   | Place    | Note
-------+----------+-------------------------------------------
     0 | D:1      | vurker the Demonspawn Necromancer began the quest for the
                  | Orb.
     0 | D:1      | Reached XP level 1. HP: 13/13 MP: 3/3
    20 | D:1      | Slain by a jackal

Illustrated notes

Levels and vault maps discovered:
D:1:      eino_arrival_cavern_d, layout_loops_ring

Action                   || total
-------------------------++-------
Melee: Unarmed           ||     9
 Cast: Pain              ||     4
Armor: Robe              ||     5
Dodge: Dodged            ||    16

Table legend:
 A = Non-vault XP
 B = Vault XP
 C = Vault XP percentage of total XP
 D = Non-vault monster count
 E = Vault monster count
 F = Vault count percentage of total count
                 A         B        C        D         E       F
            +---------+---------+-------+---------+---------+-------
      Total |       4 |       0 |   0.0 |       2 |       0 |   0.0
            +---------+---------+-------+---------+---------+-------
        D:1 |       4 |       0 |   0.0 |       2 |       0 |   0.0
            +---------+---------+-------+---------+---------+-------
